[Event "Titled Tuesday Blitz July 26 Early 2022"]
[White "Oye-Stromberg, Alexander"]
[Black "Vlassov, Nikolai"]
[WhiteFideId "1525999"]
[BlackFideId "4103360"]
[WhiteElo "1958"]
[BlackElo "2324"]
[Result "0-1"]
[Round "08"]
[TimeControl "180+1"]
[Date "2022.07.27"]
[WhiteClock "0:00:27"]
[BlackClock "0:00:15"]

1. d4 Nf6 2. c4 Nc6 3. Nf3 e6 4. Nc3 Bb4 5. Qc2 d6 6. e3 O-O 7. Bd2 e5 8. dxe5 dxe5 9. a3 Bxc3 10. Bxc3 Qe7 11. Be2 Bg4 12. O-O a5 13. Rad1 a4 14. Rfe1 Bh5 15. Nd2 Bg6 16. Bd3 Bxd3 17. Qxd3 Rfd8 18. Qc2 Nd7 19. Nf3 f6 20. Rd5 Nb6 21. Rxd8+ Rxd8 22. h3 Qc5 23. Rd1 Rxd1+ 24. Qxd1 Qxc4 25. Nd2 Qd3 26. Qg4 Kf7 27. Ne4 Ne7 28. Nc5 Qb1+ 29. Kh2 Qf5 30. Qxf5 Nxf5 31. Nxb7 Ke6 32. Nc5+ Kd5 33. e4+ Kxc5 34. exf5 Kc4 35. Bb4 Kb3 36. g4 Kxb2 37. Bf8 Nd7 38. Bxg7 Kxa3 39. g5 fxg5 40. f6 Kb3 41. f7 a3 42. Bxe5 a2 43. h4 gxh4 44. f4 c5 45. f5 c4 46. Ba1 c3 47. f6 c2 48. f8=Q Nxf8 0-1


[Site "https://www.chess.com"]

[Event "Titled Tuesday Blitz July 26 Early 2022"]
[White "Ozkan, Taha"]
[Black "Vivekananthan, Anish"]
[WhiteFideId "34577173"]
[BlackFideId "2090775"]
[WhiteElo "2024"]
[BlackElo "2716"]
[Result "1-0"]
[Round "08"]
[TimeControl "180+1"]
[Date "2022.07.26"]
[WhiteClock "0:00:40"]
[BlackClock "0:00:23"]

1. d4 a6 2. c4 Nf6 3. Nc3 d5 4. cxd5 Nxd5 5. e4 Nxc3 6. bxc3 e5 7. Nf3 exd4 8. cxd4 Bb4+ 9. Bd2 Bxd2+ 10. Qxd2 O-O 11. Bd3 Bg4 12. Qe3 Bxf3 13. gxf3 Nc6 14. d5 Qf6 15. O-O Ne5 16. Be2 Ng6 17. Kh1 Rfe8 18. Rac1 Re7 19. Rc5 Rd8 20. Rfc1 Rdd7 21. Qc3 Qd6 22. Bf1 Nf4 23. Qb3 b6 24. Rc6 Qe5 25. Bxa6 h5 26. Qc3 Qxc3 27. R1xc3 f5 28. Bc8 Rd8 29. Bxf5 Rf8 30. Rxc7 Nxd5 31. Rxe7 Nxe7 32. Be6+ Kh7 33. Rc7 Ng8 34. Bf5+ Kh6 35. Rc6+ Kg5 36. Rxb6 Nf6 37. Kg2 h4 38. a4 Ra8 39. Rb4 Ra5 40. Bc8 Ra8 41. Bb7 Ra7 42. Rb5+ Kh6 43. a5 g6 44. a6 Nh5 45. Kh3 g5 46. Kg4 Nf6+ 47. Kf5 Nd7 48. Rd5 Nf8 49. Rd6+ Kg7 50. Kxg5 Nh7+ 51. Kf5 Nf8 52. Rd8 Kf7 53. Ra8 1-0


[Site "https://www.chess.com"]

[Event "Titled Tuesday Blitz July 26 Early 2022"]
[White "Petrova, Irina"]
[Black "Bashirli, Saadat"]
[WhiteFideId "14124122"]
[BlackFideId "13429990"]
[WhiteElo "2021"]
[BlackElo "1173"]
[Result "1-0"]
[Round "08"]
[TimeControl "180+1"]
[Date "2022.07.27"]
[WhiteClock "0:00:06"]
[BlackClock "0:00:01"]

1. e4 c6 2. d4 d5 3. e5 c5 4. dxc5 e6 5. a3 Bxc5 6. b4 Bb6 7. Qg4 g6 8. Bb2 Nh6 9. Qf4 Nf5 10. Nf3 h5 11. Bd3 Nc6 12. Nbd2 Qe7 13. c4 dxc4 14. Nxc4 Bc7 15. O-O O-O 16. Rad1 Rd8 17. b5 Na5 18. Nxa5 Bxa5 19. Bxf5 exf5 20. e6 Bxe6 21. Qh6 f6 22. Qxg6+ Qg7 23. Qxh5 Bb6 24. Qh4 Rf8 25. Rd6 Rae8 26. h3 Qe7 27. Rfd1 Bc7 28. R6d3 Bb6 29. Nd4 Bc8 30. Rg3+ Qg7 31. Rxg7+ Kxg7 32. Qg3+ Kf7 33. Qf3 Rd8 34. Nc2 Rxd1+ 35. Qxd1 Be6 36. Ne3 Rd8 37. Qh5+ Kg7 38. Nxf5+ Bxf5 39. Qxf5 Rd1+ 40. Kh2 Bc7+ 41. g3 Rd6 42. Qg4+ Kf7 43. Qc4+ Re6 44. Qxc7+ Re7 45. Qc4+ Re6 46. Qd4 Re8 47. Qd7+ Kg8 48. Bxf6 Re7 49. Qxe7 b6 50. Qg7# 1-0


[Site "https://www.chess.com"]

[Event "Titled Tuesday Blitz July 26 Early 2022"]
[White "Pichot, Alan"]
[Black "Csonka, Balazs"]
[WhiteFideId "110973"]
[BlackFideId "742910"]
[WhiteElo "2579"]
[BlackElo "2404"]
[Result "0-1"]
[Round "08"]
[TimeControl "180+1"]
[Date "2022.07.26"]
[WhiteClock "0:00:01"]
[BlackClock "0:00:05"]

1. e4 c5 2. Nf3 Nc6 3. d4 cxd4 4. Nxd4 Nf6 5. Nc3 e6 6. Be2 Qc7 7. O-O Be7 8. Be3 O-O 9. f4 d6 10. Kh1 Nxd4 11. Bxd4 e5 12. Be3 exf4 13. Rxf4 a6 14. Qd2 Be6 15. Raf1 Rac8 16. Rxf6 Bxf6 17. Rxf6 b5 18. Bd4 b4 19. Rf3 bxc3 20. Rxc3 Qb7 21. Bxg7 Rxc3 22. Qxc3 Qxe4 23. Bf3 Qf4 24. h3 Rc8 25. Qd4 Qg5 26. Bf6 Qc5 27. Qh4 Qxc2 28. Be4 Qc1+ 29. Kh2 Kf8 30. Bg5 Qxb2 31. Bh6+ Ke8 32. Bf4 Qd4 33. Bg3 d5 0-1


[Site "https://www.chess.com"]

[Event "Titled Tuesday Blitz July 26 Early 2022"]
[White "Piesik, Piotr"]
[Black "Terletsky, Oleg"]
[WhiteFideId "1136194"]
[BlackFideId "14116774"]
[WhiteElo "2242"]
[BlackElo "1988"]
[Result "1-0"]
[Round "08"]
[TimeControl "180+1"]
[Date "2022.07.27"]
[WhiteClock "0:00:34"]
[BlackClock "0:00:05"]

1. Nf3 Nf6 2. g3 g6 3. Bg2 Bg7 4. O-O O-O 5. d4 d6 6. Nbd2 Nbd7 7. e4 e5 8. dxe5 dxe5 9. Qe2 c6 10. a4 a5 11. b3 Re8 12. Bb2 Qc7 13. Rfd1 Nc5 14. Ne1 Bg4 15. f3 Be6 16. Nc4 Nfd7 17. Bf1 Bf8 18. Kh1 Red8 19. Qf2 f6 20. Ne3 Bf7 21. Bc4 Ne6 22. Bxe6 Bxe6 23. Nd3 Nc5 24. Nxc5 Bxc5 25. Qe2 Rxd1+ 26. Rxd1 Rd8 27. Rxd8+ Qxd8 28. Nc4 Bh3 29. Bc3 b5 30. Qd2 Qxd2 31. Nxd2 b4 32. Bb2 Be6 33. Kg2 Be3 34. Nf1 Bc5 35. Bc1 Bd4 36. Be3 c5 37. Bxd4 exd4 38. Nd2 Kf7 39. Kf2 Ke7 40. Ke2 Kd6 41. Kd3 Bc8 42. Nc4+ Kc7 43. Nxa5 Ba6+ 44. Nc4 Kc6 45. f4 h5 46. h4 f5 47. e5 Kd5 48. Kd2 Ke4 49. Ke2 Kd5 50. Kf3 Bb7 51. Nd6 Ba6 52. Ne8 d3 53. cxd3 Bxd3 54. Ke3 Bc2 55. a5 Bxb3 56. a6 Ba4 57. a7 Bc6 58. Nc7+ Kc4 59. a8=Q Bxa8 60. Nxa8 b3 61. Kd2 Kb4 62. Nb6 c4 63. Nxc4 Kxc4 64. e6 Kb4 65. Kc1 Ka3 66. Kb1 b2 67. e7 Kb3 68. e8=Q Kc3 69. Qd7 1-0


[Site "https://www.chess.com"]

[Event "Titled Tuesday Blitz July 26 Early 2022"]
[White "Pranav, V"]
[Black "Goltsev, Dmitry"]
[WhiteFideId "25060783"]
[BlackFideId "24176710"]
[WhiteElo "2380"]
[BlackElo "2258"]
[Result "0-1"]
[Round "08"]
[TimeControl "180+1"]
[Date "2022.07.26"]
[WhiteClock "0:00:12"]
[BlackClock "0:00:07"]

1. d4 Nf6 2. Bg5 e6 3. Nc3 Be7 4. e4 d5 5. e5 Nfd7 6. Bxe7 Qxe7 7. f4 a6 8. Nf3 c5 9. Qd2 Nc6 10. Be2 cxd4 11. Nxd4 Nc5 12. O-O Bd7 13. Rad1 g6 14. Qe3 Nxd4 15. Rxd4 Rc8 16. Rfd1 h5 17. Rxd5 exd5 18. Nxd5 Qe6 19. Nf6+ Kf8 20. b4 Bb5 21. Bxb5 axb5 22. bxc5 Kg7 23. h4 Qxa2 24. Rd7 Rhd8 25. Qd4 Rxd7 26. Qxd7 Qe6 27. Qd4 Qc4 28. Qd7 Qxc5+ 29. Kh2 Qc4 30. Nd5 Rc6 31. Qd8 Re6 32. Kh3 Qxc2 33. Nc7 Qf5+ 34. Kg3 Qg4+ 35. Kh2 Qxf4+ 36. g3 Qxe5 37. Nxe6+ Qxe6 38. Qd4+ Qf6 39. Qc5 Qb2+ 40. Kh3 b4 41. Qb6 b3 42. g4 hxg4+ 43. Kxg4 Qg2+ 44. Kf4 Qd2+ 45. Kg4 b2 46. h5 Qd1+ 47. Kg5 Qxh5+ 48. Kf4 Qf5+ 49. Kg3 b1=Q 50. Qd4+ Qf6 51. Qd3 Qxd3+ 52. Kg4 Qdf3# 0-1


[Site "https://www.chess.com"]

[Event "Titled Tuesday Blitz July 26 Early 2022"]
[White "Raja Harshit"]
[Black "Ozer, Omer Faruk"]
[WhiteFideId "5089000"]
[BlackFideId "6354564"]
[WhiteElo "2338"]
[BlackElo "2050"]
[Result "1-0"]
[Round "08"]
[TimeControl "180+1"]
[Date "2022.07.26"]
[WhiteClock "0:00:23"]
[BlackClock "0:00:28"]

1. e4 c5 2. Nf3 Nc6 3. Bb5 e6 4. O-O Nge7 5. Re1 Ng6 6. c3 d5 7. d4 dxe4 8. Rxe4 Be7 9. h4 h6 10. h5 Nf8 11. Qe2 Nd7 12. Rg4 Kf8 13. Rg3 cxd4 14. cxd4 Nf6 15. Bxc6 bxc6 16. Ne5 Qxd4 17. Nc3 Bb7 18. Rd3 Qc5 19. b4 Qb6 20. Be3 Qc7 21. Bc5 Ba6 22. Bxe7+ Kxe7 23. b5 cxb5 24. Rc1 Qb7 25. Rg3 b4 26. Qe3 bxc3 27. Rxg7 Rae8 28. Rxf7+ 1-0


[Site "https://www.chess.com"]

[Event "Titled Tuesday Blitz July 26 Early 2022"]
[White "Richter, Nils"]
[Black "Atakhan, Abtin"]
[WhiteFideId "12990809"]
[BlackFideId "22502203"]
[WhiteElo "2311"]
[BlackElo "2087"]
[Result "1-0"]
[Round "08"]
[TimeControl "180+1"]
[Date "2022.07.26"]
[WhiteClock "0:00:51"]
[BlackClock "0:00:03"]

1. d4 d5 2. c4 c6 3. cxd5 cxd5 4. Bg5 Nc6 5. Nc3 h6 6. Bh4 Qa5 7. e3 e6 8. Bd3 Bb4 9. Ne2 Nge7 10. O-O O-O 11. a3 Bd6 12. b4 Qd8 13. Rc1 a6 14. Na4 e5 15. dxe5 Nxe5 16. Nc5 b6 17. Nb3 Nxd3 18. Qxd3 Qd7 19. Ned4 Ng6 20. Bg3 Bxg3 21. hxg3 Ne5 22. Qe2 Bb7 23. Nf3 Nc4 24. Qa2 Qa4 25. Ra1 Rac8 26. Nbd4 Nd6 27. Qb2 Rc7 28. Nh4 g6 29. Qe2 h5 30. Qf3 Ne4 31. Rfc1 Rfc8 32. Rxc7 Rxc7 33. g4 hxg4 34. Qxg4 Bc8 35. Qf4 Qd7 36. Nhf3 Qe7 37. Ne5 g5 38. Qh2 f6 39. Nec6 Qf7 40. Rc1 Bb7 41. Nf5 Qh7 42. Nfe7+ Rxe7 43. Qb8+ Kf7 44. Nxe7 Qh4 45. g3 Qh3 46. Qxb7 Nxg3 47. Nf5+ 1-0


[Site "https://www.chess.com"]

[Event "Titled Tuesday Blitz July 26 Early 2022"]
[White "Rohith Krishna S"]
[Black "Timofeev, Artyom"]
[WhiteFideId "46617051"]
[BlackFideId "4140419"]
[WhiteElo "2117"]
[BlackElo "2578"]
[Result "0-1"]
[Round "08"]
[TimeControl "180+1"]
[Date "2022.07.26"]
[WhiteClock "0:00:01"]
[BlackClock "0:00:13"]

1. Nf3 d5 2. c4 dxc4 3. g3 b5 4. Bg2 Bb7 5. O-O Nf6 6. a4 b4 7. Qc2 Bd5 8. d4 cxd3 9. exd3 e6 10. Nbd2 Be7 11. Ne4 O-O 12. Be3 Nbd7 13. a5 c5 14. Nfd2 Rc8 15. Nc4 Bxc4 16. dxc4 Qc7 17. Bf4 e5 18. Be3 Rfd8 19. h3 Nxe4 20. Bxe4 Nf6 21. Bg2 Rb8 22. g4 b3 23. Qc3 h6 24. Ra3 e4 25. Rxb3 Rxb3 26. Qxb3 Qxa5 27. Qb7 Kf8 28. Bxe4 Qb4 29. Qxb4 cxb4 30. Bb7 a5 31. c5 Nd5 32. c6 Nxe3 33. fxe3 Bd6 34. Ba6 Ke7 35. Bc4 f6 36. e4 Bc5+ 37. Kg2 Rd2+ 38. Kf3 Rxb2 39. Ra1 Rc2 40. Bb5 b3 41. Ba4 b2 42. Rb1 Rf2+ 43. Kg3 Rd2 44. Kf3 Bd6 45. Ke3 Rh2 46. Kd4 Kd8 47. Kd5 Kc7 48. Ke6 Be5 49. Rd1 Kb6 50. Rd7 Rxh3 51. Rb7+ Kc5 52. Rb5+ Kc4 53. Rb7 Re3 54. Kf5 g6+ 55. Kxg6 Rxe4 56. Kh5 Kd5 57. c7 Bxc7 58. Bc2 Re5+ 59. Kxh6 Bd6 60. Kg6 Ba3 61. Kxf6 Re2 62. Bf5 Kc6 63. Rb8 Bb4 64. g5 Re1 65. g6 b1=Q 66. Bxb1 Rxb1 67. g7 Bc3+ 0-1


[Site "https://www.chess.com"]

[Event "Titled Tuesday Blitz July 26 Early 2022"]
[White "Rychagov, Andrey"]
[Black "Kravtsiv, Martyn"]
[WhiteFideId "4119932"]
[BlackFideId "14113147"]
[WhiteElo "2481"]
[BlackElo "2694"]
[Result "0-1"]
[Round "08"]
[TimeControl "180+1"]
[Date "2022.07.26"]
[WhiteClock "0:00:44"]
[BlackClock "0:01:46"]

1. d4 d5 2. c4 e6 3. Nf3 Nf6 4. Nc3 Nbd7 5. Bf4 Bb4 6. e3 c5 7. dxc5 Qa5 8. Nd2 O-O 9. Qc2 Nxc5 10. Be2 Nfe4 11. Ndxe4 Nxe4 12. O-O Bxc3 13. bxc3 Nxc3 14. Bd3 dxc4 15. Bxh7+ Kh8 16. Bg3 Bd7 17. Rac1 Rac8 18. Qd2 Kxh7 19. Qxd7 Ne2+ 0-1


[Site "https://www.chess.com"]

[Event "Titled Tuesday Blitz July 26 Early 2022"]
[White "Sadubayev, Airat"]
[Black "Prestia, Paris"]
[WhiteFideId "13713264"]
[BlackFideId "30925959"]
[WhiteElo "2163"]
[BlackElo "2626"]
[Result "1/2-1/2"]
[Round "08"]
[TimeControl "180+1"]
[Date "2022.07.26"]
[WhiteClock "0:00:20"]
[BlackClock "0:00:19"]

1. d4 Nf6 2. c4 e6 3. g3 Bb4+ 4. Bd2 Qe7 5. Nf3 Ne4 6. Bg2 O-O 7. O-O Nxd2 8. Nbxd2 c6 9. a3 Ba5 10. e4 Bc7 11. Re1 d6 12. Qc2 Nd7 13. Rad1 e5 14. d5 c5 15. h3 Nf6 16. Nh2 a6 17. a4 b5 18. axb5 axb5 19. cxb5 Bd7 20. Bf1 Rfb8 21. Ra1 Rxa1 22. Rxa1 Bxb5 23. Bxb5 Rxb5 24. Ra8+ Rb8 25. Rxb8+ Bxb8 26. Qb3 Qa7 27. Ng4 Nd7 28. Nc4 h5 29. Nge3 g6 30. Kg2 Kg7 31. Qa3 Qb7 32. Na5 Qb5 33. Nc6 Nf6 34. Kf3 Bc7 35. Qa7 Bb6 36. Qb7 Qd3 37. Qxb6 Qxe4+ 38. Ke2 Nxd5 39. Qb5 Nxe3 40. fxe3 Qc2+ 41. Ke1 Qc1+ 42. Kf2 Qh1 43. Nd8 Qh2+ 44. Kf3 Qh1+ 45. Kf2 Qh2+ 46. Kf3 Qh1+ 47. Kf2 1/2-1/2


[Site "https://www.chess.com"]

[Event "Titled Tuesday Blitz July 26 Early 2022"]
[White "Sarana, Alexey"]
[Black "Lazavik, Denis"]
[WhiteFideId "24133795"]
[BlackFideId "13515110"]
[WhiteElo "2666"]
[BlackElo "2437"]
[Result "1-0"]
[Round "08"]
[TimeControl "180+1"]
[Date "2022.07.26"]
[WhiteClock "0:01:36"]
[BlackClock "0:00:06"]

1. c4 Nf6 2. d4 e6 3. Nc3 Bb4 4. e3 O-O 5. Bd3 c5 6. a3 Bxc3+ 7. bxc3 Nc6 8. Rb1 d6 9. Ne2 b6 10. e4 Ne8 11. O-O Ba6 12. f4 Na5 13. Ng3 Bxc4 14. f5 Bxd3 15. Qxd3 cxd4 16. cxd4 Qc7 17. Bd2 Nf6 18. Rbc1 Qd7 19. Bg5 Ng4 20. Qf3 f6 21. Qxg4 fxg5 22. fxe6 Qa4 23. Nf5 g6 24. Qxg5 Kh8 25. e7 Rf7 26. Nh6 Qxd4+ 27. Kh1 Rf2 28. Nf7+ Kg8 29. Nd8 Rxf1+ 30. Rxf1 Qxe4 31. Qf6 1-0


[Site "https://www.chess.com"]

[Event "Titled Tuesday Blitz July 26 Early 2022"]
[White "Schekachikhin, Maksim"]
[Black "Turzo, Attila"]
[WhiteFideId "24177830"]
[BlackFideId "704954"]
[WhiteElo "2239"]
[BlackElo "2477"]
[Result "1-0"]
[Round "08"]
[TimeControl "180+1"]
[Date "2022.07.27"]
[WhiteClock "0:00:54"]
[BlackClock "0:00:10"]

1. d4 Nf6 2. Bg5 Ne4 3. Bf4 d5 4. Nd2 Nf6 5. e3 g6 6. Ngf3 Bg7 7. c4 O-O 8. h3 c5 9. dxc5 Qa5 10. Be2 dxc4 11. Bxc4 Nc6 12. O-O Qxc5 13. Rc1 Qb6 14. Bb3 Na5 15. Nc4 Nxc4 16. Rxc4 Be6 17. Rc7 Bxb3 18. Qxb3 Qxb3 19. axb3 Nd5 20. Rxb7 Nxf4 21. exf4 Bxb2 22. Rxe7 Rfb8 23. Rb1 Bf6 24. Rd7 Rb5 25. g3 a5 26. Nd4 Bxd4 27. Rxd4 a4 28. b4 a3 29. Ra1 a2 30. Rd2 Rxb4 31. Rdxa2 Rxa2 32. Rxa2 h5 33. Kg2 Kg7 34. Ra5 f6 35. h4 f5 36. Rd5 Kf6 37. Kf3 Rb3+ 38. Ke2 Rb2+ 39. Rd2 Rb3 40. Rd3 Rb2+ 41. Ke3 Rb4 42. Ra3 Re4+ 43. Kf3 Rb4 44. Ke3 Re4+ 45. Kd3 Rb4 46. f3 Rb1 47. Ra6+ Kf7 48. Ke3 Rf1 49. Ra5 Kf6 50. g4 Rh1 51. Ra6+ Kg7 52. gxf5 gxf5 53. Kd4 Rxh4 54. Ke5 Rh3 55. Kxf5 Rxf3 56. Ra7+ Kh6 57. Ra6+ Kg7 58. Kg5 h4 59. f5 h3 60. Ra7+ Kf8 61. Kf6 Kg8 62. Ra8+ Kh7 63. Ra4 Kg8 64. Rh4 Kf8 65. Rh8# 1-0


[Site "https://www.chess.com"]

[Event "Titled Tuesday Blitz July 26 Early 2022"]
[White "Seo, Jung Min"]
[Black "Averjanov, Alexey"]
[WhiteFideId "1734687"]
[BlackFideId "14109867"]
[WhiteElo "2414"]
[BlackElo "2651"]
[Result "*"]
[Round "08"]
[TimeControl "180+1"]
[Date "2022.07.26"]
[WhiteClock "0:02:14"]
[BlackClock "0:02:19"]

1. e4 c6 2. Nf3 d5 3. d3 Qc7 4. exd5 cxd5 5. c4 Nf6 6. Nc3 dxc4 7. dxc4 Bf5 8. Bd3 Bxd3 9. Qxd3 Nc6 10. O-O Rd8 11. Qe2 e6 12. Nb5 Qb8 13. g3 Bd6 14. Nxd6+ Qxd6 15. Bf4 Qe7 16. Rad1 O-O 17. a3 a5 18. Ne5 Nxe5 19. Bxe5 h6 20. Bc3 b6 21. b4 Qc7 22. Bxf6 gxf6 23. Qg4+ Kh7 24. Qh4 axb4 25. axb4 Rxd1 26. Rxd1 Rd8 27. Rc1 Kg7 28. c5 bxc5 29. bxc5 Qc6 30. Qg4+ Kf8 31. Qf4 Kg7 32. h4 Rd5 33. Qg4+ Kf8 34. Qf4 Rxc5 35. Qb4 *


[Site "https://www.chess.com"]

[Event "Titled Tuesday Blitz July 26 Early 2022"]
[White "Shohat, Yotam"]
[Black "Lubbe, Nikolas"]
[WhiteFideId "2813955"]
[BlackFideId "4694031"]
[WhiteElo "2119"]
[BlackElo "2447"]
[Result "0-1"]
[Round "08"]
[TimeControl "180+1"]
[Date "2022.07.26"]
[WhiteClock "0:00:02"]
[BlackClock "0:00:22"]

1. e4 c5 2. Nf3 Nc6 3. Bb5 g6 4. Bxc6 dxc6 5. d3 Bg7 6. h3 e5 7. Be3 Qe7 8. a4 Nf6 9. a5 Nd7 10. Nbd2 h6 11. Nb3 Rb8 12. Qd2 g5 13. h4 g4 14. Nh2 h5 15. Nf1 b6 16. axb6 axb6 17. Ng3 Nf8 18. O-O Ng6 19. Nf5 Bxf5 20. exf5 Nxh4 21. Bg5 Bf6 22. Ra7 Bxg5 23. Rxe7+ Bxe7 24. Qe3 Bf6 25. d4 cxd4 26. Nxd4 Kf8 27. Nxc6 Rc8 28. Qxb6 Kg7 29. b4 Nxf5 30. b5 h4 31. Qc5 h3 32. b6 Ne7 33. b7 Rxc6 34. Qb4 hxg2 35. Kxg2 Ng6 36. Qc4 Rxc4 0-1


[Site "https://www.chess.com"]

[Event "Titled Tuesday Blitz July 26 Early 2022"]
[White "Shtyka, Sergey"]
[Black "Plazuelo Pascual, Juan"]
[WhiteFideId "4138465"]
[BlackFideId "32059566"]
[WhiteElo "1995"]
[BlackElo "2416"]
[Result "0-1"]
[Round "08"]
[TimeControl "180+1"]
[Date "2022.07.27"]
[WhiteClock "0:00:01"]
[BlackClock "0:00:45"]

1. e4 c5 2. Nf3 e6 3. d4 cxd4 4. Nxd4 Nf6 5. Nc3 Nc6 6. Ndb5 Bb4 7. a3 Bxc3+ 8. Nxc3 d5 9. exd5 exd5 10. Bd3 O-O 11. O-O Bg4 12. f3 Bh5 13. Kh1 Qb6 14. Bg5 Ne4 15. Nxe4 dxe4 16. Bxe4 Qxb2 17. Rb1 Qxa3 18. Rxb7 Rac8 19. Qa1 Qxa1 20. Rxa1 Bg6 21. Bd5 h6 22. Be3 a5 23. c4 Nb4 24. Bb6 a4 25. h4 Rb8 26. Bc5 Nxd5 27. Rxb8 Rxb8 28. cxd5 Rb5 29. Be7 Bc2 30. d6 Rd5 31. Kg1 f6 32. Kf2 Kf7 33. Ke3 Rd3+ 34. Ke2 Rd4 35. g3 h5 36. Ke3 Rd3+ 37. Ke2 a3 38. Ra2 Bb1 39. f4 Rxg3 40. Ra1 a2 0-1


[Site "https://www.chess.com"]

[Event "Titled Tuesday Blitz July 26 Early 2022"]
[White "Smietanska, Wiktoria"]
[Black "Mikhailovsky, Vladimir"]
[WhiteFideId "21869359"]
[BlackFideId "34105414"]
[WhiteElo "1883"]
[BlackElo "2303"]
[Result "0-1"]
[Round "08"]
[TimeControl "180+1"]
[Date "2022.07.27"]
[WhiteClock "0:00:05"]
[BlackClock "0:00:02"]

1. c4 e5 2. Nc3 Nf6 3. Nf3 Nc6 4. e4 Bb4 5. d3 d6 6. a3 Bc5 7. b4 Bd4 8. Nxd4 Nxd4 9. Ne2 c5 10. Nxd4 cxd4 11. Be2 O-O 12. O-O Ne8 13. f4 f5 14. exf5 Bxf5 15. Bf3 Qd7 16. Bd5+ Kh8 17. fxe5 Nc7 18. exd6 Nxd5 19. cxd5 Qxd6 20. Bb2 Qxd5 21. Qf3 Qd6 22. Qxb7 Bxd3 23. Rfd1 Qf4 24. Qf3 Qxf3 25. gxf3 Rxf3 26. Bxd4 a6 27. Bf2 Raf8 28. Rd2 h5 29. Rad1 Bb5 30. Bc5 R8f6 31. Rd6 R6f5 32. R6d5 Rf6 33. Rxh5+ Kg8 34. Rd8+ Kf7 35. Rdd5 Rxa3 36. Rhf5 Ra2 37. Rxf6+ gxf6 38. Rd6 f5 39. h4 Ra1+ 40. Kg2 Ra2+ 41. Kg3 Ra3+ 42. Kf4 Rh3 43. Kg5 Rg3+ 44. Kxf5 Rh3 45. Kg5 Rh1 46. h5 Be2 47. Kh6 Rxh5# 0-1


[Site "https://www.chess.com"]

[Event "Titled Tuesday Blitz July 26 Early 2022"]
[White "Srihari L R"]
[Black "Chigaev, Maksim"]
[WhiteFideId "46617116"]
[BlackFideId "4108116"]
[WhiteElo "2170"]
[BlackElo "2438"]
[Result "1-0"]
[Round "08"]
[TimeControl "180+1"]
[Date "2022.07.26"]
[WhiteClock "0:00:05"]
[BlackClock "0:00:02"]

1. d4 Nf6 2. Bg5 g6 3. Bxf6 exf6 4. e3 d5 5. g3 h5 6. h4 Bg4 7. Be2 Be6 8. Bf3 c6 9. Ne2 Bd6 10. Nd2 Nd7 11. Rc1 Qe7 12. a3 Nb6 13. Nf4 Bxf4 14. gxf4 O-O-O 15. Be2 Kb8 16. c3 Nc8 17. c4 dxc4 18. Nxc4 Bd5 19. Rg1 f5 20. Ne5 Nd6 21. Bf3 Ne4 22. Bxe4 fxe4 23. Rg5 Rhg8 24. Nc4 f6 25. Rg3 Ka8 26. Nd2 g5 27. fxg5 fxg5 28. Qxh5 gxh4 29. Rxg8 Rxg8 30. Kd1 Qf6 31. Ke2 a6 32. Rh1 Rh8 33. Qe5 Qd8 34. Rh3 Ka7 35. b4 Rh7 36. Nxe4 Re7 37. Qd6 Rd7 38. Qf4 Rf7 39. Qxh4 Qf8 40. Nd2 a5 41. bxa5 Qxa3 42. e4 Qxa5 43. exd5 Qxd5 44. Ra3+ Kb6 45. Qg3 Re7+ 46. Kd1 Qb5 47. Rb3 1-0


[Site "https://www.chess.com"]

[Event "Titled Tuesday Blitz July 26 Early 2022"]
[White "Suleymanli, Aydin"]
[Black "Maksimovic, Bojan"]
[WhiteFideId "13413937"]
[BlackFideId "14408120"]
[WhiteElo "2481"]
[BlackElo "2453"]
[Result "0-1"]
[Round "08"]
[TimeControl "180+1"]
[Date "2022.07.26"]
[WhiteClock "0:00:01"]
[BlackClock "0:00:08"]

1. d4 d5 2. c4 dxc4 3. e3 e5 4. Bxc4 exd4 5. Nf3 Bb4+ 6. Bd2 Bxd2+ 7. Qxd2 Nf6 8. O-O O-O 9. exd4 Nc6 10. d5 Ne7 11. Nc3 Nf5 12. Rfe1 Nd6 13. Bb3 a6 14. Nd4 Re8 15. Rxe8+ Nfxe8 16. Re1 Bd7 17. Ne6 Qh4 18. Nc5 Bf5 19. f3 b6 20. N5e4 Bxe4 21. fxe4 f6 22. Rf1 Nf7 23. d6 Nxd6 24. g3 Qh5 25. Nd5 Qe5 26. Qf2 Nxe4 27. Qe3 Re8 28. Re1 Nc5 29. Qxe5 Rxe5 30. Rxe5 Nxe5 31. Bc2 Ne6 32. Bf5 Nd4 33. Bc8 a5 34. Nxc7 Nc4 35. b3 Ne3 36. Na8 Nd5 37. Bb7 Nc3 0-1


[Site "https://www.chess.com"]

[Event "Titled Tuesday Blitz July 26 Early 2022"]
[White "Urbina Perez, Juan Antonio"]
[Black "Leschinsky, Gary"]
[WhiteFideId "2217368"]
[BlackFideId "30951321"]
[WhiteElo "2192"]
[BlackElo "1809"]
[Result "1/2-1/2"]
[Round "08"]
[TimeControl "180+1"]
[Date "2022.07.27"]
[WhiteClock "0:00:22"]
[BlackClock "0:00:10"]

1. e4 c5 2. Nf3 e6 3. c3 Nf6 4. e5 Nd5 5. g3 Nc6 6. Bg2 d6 7. exd6 Bxd6 8. O-O O-O 9. d4 cxd4 10. Nxd4 Nxd4 11. Qxd4 Qc7 12. Qd2 Bd7 13. Qe2 Bc6 14. Rd1 Nf6 15. Nd2 Rad8 16. Nf3 a6 17. Bg5 Be7 18. Bf4 Bd6 19. Bxd6 Rxd6 20. Rxd6 Qxd6 21. Rd1 Qc7 22. Qd3 Be4 23. Qd4 Bd5 24. b3 b5 25. Nd2 Bxg2 26. Kxg2 Rd8 27. Qe3 Nd5 28. Qf3 Qxc3 29. Ne4 Qe5 30. Rd2 h6 31. Nc3 Rd7 32. Nxd5 exd5 33. Re2 Qb8 34. Qd3 Qd8 35. Qd4 g6 36. Re5 Rd6 37. h4 h5 38. Qe3 Kg7 39. Qd4 Qf6 40. f4 Rc6 41. Qxd5 Rc2+ 42. Kf3 Qb6 43. Re3 Qc6 44. Qxc6 Rxc6 45. a3 Kf6 46. Ke4 Rc2 47. Kd4 Kf5 48. Re5+ Kg4 49. Re7 Kxg3 50. Rxf7 Kxh4 51. Rf6 Rb2 52. Kc3 Rf2 53. Rxg6 Rxf4 54. Rxa6 Kg3 55. Rb6 h4 56. Rxb5 h3 57. Rh5 Rh4 58. Rg5+ Rg4 59. Rh5 Rh4 60. Rg5+ Kf2 61. Rf5+ Kg2 62. Rg5+ Kf3 63. Rf5+ Ke4 64. Rf1 h2 65. Rh1 Kd5 66. a4 Kc5 67. b4+ Rxb4 68. a5 Rh4 69. a6 Kb6 70. a7 Kxa7 71. Kd3 Kb6 72. Ke3 Kc5 73. Kf3 Kd4 74. Kg3 Re4 75. Kg2 Re2+ 76. Kg3 Ke4 77. Rxh2 Re1 78. Rh4+ Kf5 79. Rf4+ Kg5 80. Rg4+ Kf5 81. Rf4+ Kg5 82. Rg4+ Kh5 83. Rh4+ Kg6 84. Rg4+ Kf6 85. Rf4+ Ke5 86. Rf2 Rg1+ 87. Rg2 Rh1 88. Rh2 Ra1 89. Rf2 Ke4 90. Rf4+ Ke3 91. Rf3+ Ke2 92. Rf2+ Ke1 93. Kg2 Ra8 94. Rf1+ Ke2 95. Rf2+ Ke3 96. Rf3+ Ke4 97. Rg3 Kf4 98. Rf3+ Kg4 99. Rg3+ Kh4 100. Rh3+ Kg5 101. Rg3+ Kf4 102. Rf3+ Ke4 103. Rg3 Ra2+ 104. Kh3 Kf4 105. Rg4+ Kf5 106. Rg2 Ra1 107. Kh2 Kf4 108. Rb2 Rc1 109. Rf2+ Kg4 110. Rg2+ Kh4 111. Rb2 Rc4 112. Rd2 Ra4 113. Rc2 Kg4 114. Rg2+ Kf3 115. Rb2 Rh4+ 116. Kg1 Rg4+ 117. Kf1 Rc4 118. Rb3+ Kf4 119. Kf2 Rc2+ 120. Ke1 Ra2 121. Rc3 1/2-1/2


[Site "https://www.chess.com"]

[Event "Titled Tuesday Blitz July 26 Early 2022"]
[White "Vachylia, Andrii"]
[Black "Amburgy, Ryan"]
[WhiteFideId "14137224"]
[BlackFideId "30924820"]
[WhiteElo "2318"]
[BlackElo "2066"]
[Result "1-0"]
[Round "08"]
[TimeControl "180+1"]
[Date "2022.07.26"]
[WhiteClock "0:00:08"]
[BlackClock "0:00:16"]

1. e4 c6 2. d4 d5 3. Nc3 dxe4 4. Nxe4 Nf6 5. Nxf6+ exf6 6. c3 Bd6 7. Bd3 O-O 8. Qc2 Re8+ 9. Ne2 h5 10. Be3 Nd7 11. Ng3 Nb6 12. O-O Nd5 13. Bd2 h4 14. Nf5 Bxf5 15. Bxf5 Qc7 16. h3 Bf4 17. Rad1 Re7 18. c4 Bxd2 19. Qxd2 Nf4 20. Rfe1 Rae8 21. Rxe7 Rxe7 22. Re1 Rxe1+ 23. Qxe1 g6 24. Bg4 Qd6 25. Qe3 f5 26. Bf3 b6 27. Bxc6 Qxc6 28. Qxf4 Qxc4 29. b3 Qc2 30. Qxh4 Qxa2 31. Qd8+ Kg7 32. Qd5 a5 33. Qe5+ Kh7 34. Qd5 Kg7 35. Qe5+ Kh7 36. d5 Qxb3 37. d6 a4 38. Qd4 Qb1+ 39. Kh2 Qc1 40. f4 Qc8 41. Qf6 Kg8 42. Qe7 Qc1 43. Qe8+ Kg7 44. Qe5+ f6 45. Qd4 Qc8 46. Qxa4 Qd8 47. Qa7+ Kf8 48. Qc7 Ke8 49. Qc6+ Qd7 50. Qxb6 Kf7 51. Qb3+ Qe6 52. Qb7+ Ke8 53. Qc7 Qd7 54. Qb8+ Kf7 55. Qb3+ Qe6 56. Qb7+ Ke8 57. Qg7 Qxd6 58. Qxg6+ Ke7 59. Qxf5 Qd2 60. Qe4+ Kf7 61. Qf3 Qe1 62. Qg3 Qe4 63. h4 Qf5 64. Qf3 Qg6 65. Qd5+ Ke7 66. f5 Qg4 67. Qe6+ Kd8 68. Qxf6+ Kc8 69. Qg5 Qe4 70. f6 Qe6 71. Kg3 Qd6+ 72. Qf4 Qf8 73. f7 Kd7 74. Qf6 Qa3+ 75. Kh2 Qf8 76. h5 Qb8+ 77. g3 Qb2+ 78. Qxb2 1-0


[Site "https://www.chess.com"]